 Dungeon Crawl Stone Soup version 0.26-a0-757-g626ac9e51a (webtiles) character file.

Game seed: 5566852244129198445

2 miscthings the Magician (level 1, -1/14 HPs)
             Began as a Palentonga Hedge Wizard on Nov 8, 2020.
             Slain by a hobgoblin
             ... wielding a +0 club
              (4 damage)
             ... on level 1 of the Dungeon.
             The game lasted 00:00:21 (84 turns).

miscthings the Magician (Palentonga Hedge Wizard)     Turns: 84, Time: 00:00:22

Health: -1/14      AC:  4    Str: 13    XL:     1   Next: 33%
Magic:  1/4        EV: 10    Int: 14    God:
Gold:   0          SH:  0    Dex:  9    Spells: 5/6 levels left

rFire    . . .     SeeInvis +   a - +0 dagger
rCold    . . .     Faith    .   (no shield)
rNeg     . . .     Spirit   .   b - +0 robe
rPois    .         Reflect  .   c - +0 hat
rElec    .         Harm     .   (no cloak)
rCorr    .         Rampage  .   (no gloves)
MR       .....                  (no barding)
Stlth    +.........             (no amulet)
HPRegen  0.04/turn              (no ring)
MPRegen  0.09/turn              (no ring)

@: very slightly contaminated
A: large, rugged brown scales 3, see invisible, deformed body, roll, armoured
tail
a: Rolling Charge


You were on level 1 of the Dungeon.
You visited 1 branch of the dungeon, and saw 1 of its levels.

Inventory:

Hand Weapons
 a - a +0 dagger (weapon)
Armour
 b - a +0 robe (worn)
 c - a +0 hat (worn)
Scrolls
 d - a scroll of teleportation {unknown}


   Skills:
 + Level 1.5 Dodging
 + Level 1.2 Stealth
 + Level 3.1 Spellcasting
 + Level 0.8 Conjurations
   Level 0.7 Summonings
   Level 1.0 Translocations


You had 5 spell levels left.
You knew the following spells:

 Your Spells              Type           Power        Failure   Level
a - Magic Dart            Conj           #...         16%         1

Your spell library contained the following spells:

 Spells                   Type           Power        Failure   Level
 Blink                    Tloc           N/A          22%         2
 Call Imp                 Summ           #.......     24%         2
 Slow                     Hex            #.......     32%         2
 Conjure Flame            Conj/Fire      #.......     47%         3
 Mephitic Cloud           Conj/Pois/Air  #.......     50%         3


Dungeon Overview and Level Annotations

Branches:
Dungeon (1/15)

Altars:


Innate Abilities, Weirdness & Mutations

You are completely covered in rugged brown scales. (AC +3, +7% HP)
You have supernaturally acute eyesight. (SInv)
Armour fits poorly on your strangely shaped body.
You can roll at foes to attack.
You have a long armoured tail.


Message History

Found a stone staircase leading down.
Roll where?
Press: ? - help, Dir - move target cursor, f - hobgoblin, p - bat
Aim: a hobgoblin, wielding a +0 club You roll forward with a clatter of scales!
You hit the hobgoblin.
The hobgoblin is moderately wounded.
The bat completely misses you. The hobgoblin hits you with a +0 club.
* * * LOW HITPOINT WARNING * * *
Found a scroll labeled BUERUISEAN.
You hit the hobgoblin.
The hobgoblin is heavily wounded.
The bat hits you but does no damage.
A kobold comes into view. It is wielding a +0 short sword.
You closely miss the hobgoblin.
The hobgoblin is heavily wounded.
The bat hits you.
* * * LOW HITPOINT WARNING * * *
The hobgoblin hits you with a +0 club.
You die...

...8.............#.######.#
.................#.#
##################.#
............# ##.....####
#...?.# #..°..#
##[..○°########
........@g......
>.......b.........
.####..........##.
............+ #######.....#
#.....# #...?.# .K....+


You could see a hobgoblin, a bat and a kobold.

Vanquished Creatures
  A dart slug (D:1)
1 creature vanquished.

Notes
Turn   | Place    | Note
-------+----------+-------------------------------------------
     0 | D:1      | miscthings the Palentonga Hedge Wizard began the quest for
                  | the Orb.
     0 | D:1      | Reached XP level 1. HP: 14/14 MP: 4/4
     1 | D:1      | Noticed an electric eel
    84 | D:1      | Slain by a hobgoblin

Illustrated notes

Levels and vault maps discovered:
D:1:      arrival_aquarium_a, layout_basic

Action                   || total
-------------------------++-------
Melee: Dagger            ||    11
 Cast: Magic Dart        ||     5
 Abil: Rolling Charge    ||     2
Armor: Robe              ||     8
Dodge: Dodged            ||     7

Table legend: (Time is in decaauts)
 A = Elapsed time spent in this place.
 B = Non-inter-level travel time spent in this place.
 C = Inter-level travel time spent in this place.
 D = Time resting spent in this place.
 E = Time spent auto-exploring this place.
 F = Levels seen in this place.
 G = Mean time per level.
                   A        B        C        D        E       F      G
               +--------+--------+--------+--------+--------+-----+--------+
         Total |     84 |     84 |      0 |     25 |     24 |   1 |   84.0 |
       Dungeon |     84 |     84 |      0 |     25 |     24 |   1 |   84.0 |
               +--------+--------+--------+--------+--------+-----+--------+

Top non-repeatable levels by time:
     D:1: 84 daAuts
